 Dungeon Crawl Stone Soup version 0.22-a0-422-g9628fc87f1 (webtiles) character file.

1556890 MummyMadness the Rhythm of Life and Death (level 27, 266/266 HPs)
             Began as a Centaur Wanderer on May 21, 2018.
             Was a Follower of Uskayaw.
             Escaped with the Orb
             ... and 3 runes on May 22, 2018!
             The game lasted 04:08:18 (94633 turns).

MummyMadness the Rhythm of Life and Death (CeWn)   Turns: 94633, Time: 04:08:18

Health: 266/266    AC: 54    Str: 32    XL:     27
Magic:  40/40      EV: 15    Int: 16    God:    Uskayaw [*.....]
Gold:   4716       SH:  0    Dex: 14    Spells: 19/28 levels left

rFire    + . .     SeeInvis +   b - +9 longbow (freeze)
rCold    + + .     Gourm    .   (shield currently unavailable)
rNeg     + . .     Faith    +   G - +12 gold dragon scales
rPois    +         Spirit   .   e - +3 crown of Dyrovepreva {rElec Int+2 SInv}
rElec    +         Reflect  .   I - +2 cloak {MR+}
rCorr    .         Harm     .   g - +2 pair of gloves
MR       +++++                  L - +4 centaur barding {Fly}
Stlth    ..........             H - amulet of faith {!P}
HPRegen  0.54/turn              x - ring of Interdependent Arising {rN+ Int+4 Dex-4 Slay+5 Stlth+}
MPRegen  0.27/turn              R - ring "Buatzen" {+Fly MR++}

@: mighty, agile, flying, very quick
A: large, hooves 3, horns 1, thin skeletal structure 1, blink, cold resistance
1, deformed body, speed 2, electricity resistance, tough skin 3
0: Orb of Zot
}: 3/15 runes: barnacled, silver, gossamer
a: Blink, Stomp, Renounce Religion, Stop Flying


You escaped.
You worshipped Uskayaw.
Uskayaw was exalted by your worship.
You were not hungry.

You visited 9 branches of the dungeon, and saw 49 of its levels.
You visited the Abyss 1 time.
You also visited: Trove, Ice Cave and Desolation.

You collected 8691 gold pieces.
You spent 3975 gold pieces at shops.


Innate Abilities, Weirdness & Mutations

You have hooves in place of feet.
Armour fits poorly on your strangely shaped body.
You cover ground very quickly.
You have extremely tough skin. (AC +3)
You have a pair of small horns on your head.
You have a somewhat thin skeletal structure. (Dex +2, Stealth)
You can translocate small distances at will.
Your flesh is cold resistant. (rC+)
You are resistant to electric shocks. (rElec)


   Skills:
 - Level 25.0 Fighting
 - Level 10.0 Short Blades
 - Level 22.0 Bows
 - Level 1.1 Throwing
 * Level 19.6 Armour
 * Level 13.8 Dodging
 - Level 1.0 Stealth
 - Level 1.0 Spellcasting
 - Level 5.4 Conjurations
 - Level 5.9 Air Magic
 O Level 27 Invocations


You had 19 spell levels left.
You knew the following spells:

 Your Spells              Type           Power        Failure   Level  Hunger
m - Mephitic Cloud        Conj/Pois/Air  ##......     78%         3    ####...
s - Swiftness             Chrm/Air       ##......     67%         2    ###....
t - Static Discharge      Conj/Air       ###.....     52%         3    ####...
z - Shock                 Conj/Air       ###.         21%         1    ##.....

Your spell library contained the following spells:

 Spells                   Type           Power        Failure   Level  Hunger
 Cause Fear               Hex            #.........   100%        4    #####..
 Magic Dart               Conj           ###.         22%         1    ##.....
 Fireball                 Conj/Fire      #.........   100%        5    ######.
 Apportation              Tloc           #.....       90%         1    ##.....
 Conjure Flame            Conj/Fire      #.......     90%         3    ####...
 Bolt of Fire             Conj/Fire      #.........   100%        6    #######
 Lightning Bolt           Conj/Air       ###.......   99%         5    ######.
 Confuse                  Hex            #.......     99%         3    ####...
 Throw Flame              Conj/Fire      #.....       71%         2    ###....
 Throw Frost              Conj/Ice       #.....       71%         2    ###....
 Freezing Cloud           Conj/Ice/Air   ##........   100%        6    #######
 Ring of Flames           Chrm/Fire      #.........   100%        7    #######
 Venom Bolt               Conj/Pois      #.........   100%        5    ######.
 Olgreb's Toxic Radiance  Pois           #.......     100%        4    #####..
 Teleport Other           Tloc           #.......     99%         3    ####...
 Summon Small Mammal      Summ           #...         90%         1    ##.....
 Blink                    Tloc           N/A          97%         2    ###....
 Iskenderun's Mystic Bla  Conj           ###.....     91%         4    #####..
 Animate Dead             Necr           N/A          100%        4    #####..
 Pain                     Necr           #...         90%         1    ##.....
 Animate Skeleton         Necr           N/A          90%         1    ##.....
 Vampiric Draining        Necr           #.........   99%         3    ####...
 Sticky Flame             Conj/Fire      #.......     100%        4    #####..
 Regeneration             Chrm/Necr      #.........   99%         3    ####...
 Sting                    Conj/Pois      #...         56%         1    ##.....
 Tukima's Dance           Hex            #.......     99%         3    ####...
 Corpse Rot               Necr           N/A          97%         2    ###....
 Stone Arrow              Conj/Erth      #.....       90%         3    ####...
 Recall                   Summ/Tloc      N/A          99%         3    ####...
 Spider Form              Tmut/Pois      #.........   99%         3    ####...
 Ice Form                 Ice/Tmut       #.......     100%        4    #####..
 Dragon Form              Tmut           #.........   100%        7    #######
 Death Channel            Necr           #.........   100%        6    #######
 Deflect Missiles         Chrm/Air       ##........   100%        6    #######
 Airstrike                Air            ###.......   87%         4    #####..
 Confusing Touch          Hex            #.....       90%         1    ##.....
 Flame Tongue             Conj/Fire      #....        56%         1    ##.....
 Passwall                 Tmut/Erth      #.........   97%         2    ###....
 Ignite Poison            Fire/Tmut/Pois #.......     99%         3    ####...
 Ensorcelled Hibernation  Hex/Ice        #.....       97%         2    ###....
 Silence                  Hex/Air        ##........   100%        5    ######.
 Shatter                  Erth           #.........   100%        9    #######
 Dispersal                Tloc           #.........   100%        6    #######
 Corona                   Hex            #......      90%         1    ##.....
 Lee's Rapid Deconstruct  Erth           #.........   100%        5    ######.
 Sandblast                Erth           #.....       90%         1    ##.....
 Simulacrum               Ice/Necr       #.........   100%        6    #######
 Conjure Ball Lightning   Conj/Air       ###.......   100%        6    #######
 Petrify                  Tmut/Erth      #.......     100%        4    #####..
 Passage of Golubria      Tloc           N/A          100%        4    #####..
 Tornado                  Air            ###.......   100%        9    #######
 Leda's Liquefaction      Hex/Erth       #.........   100%        4    #####..
 Summon Hydra             Summ           #.........   100%        7    #######
 Inner Flame              Hex/Fire       #.......     99%         3    ####...
 Beastly Appendage        Tmut           #.....       90%         1    ##.....
 Fulminant Prism          Conj/Hex       #.........   100%        4    #####..
 Dazzling Spray           Conj/Hex       #.....       90%         3    ####...
 Force Lance              Conj/Tloc      #.......     100%        4    #####..
 Searing Ray              Conj           ###...       32%         2    ###....
 Summon Forest            Summ/Tloc      #.........   100%        5    ######.
 Summon Lightning Spire   Summ/Air       ##......     99%         4    #####..
 Summon Guardian Golem    Hex/Summ       #.......     99%         3    ####...
 Dragon's Call            Summ           #.........   100%        9    #######
 Summon Mana Viper        Hex/Summ       #.......     100%        5    ######.
 Hydra Form               Tmut           #.........   100%        6    #######
 Gell's Gravitas          Tloc           #.........   99%         3    ####...
 Yara's Violent Unravell  Hex/Tmut       #.........   100%        5    ######.
 Poisonous Vapours        Pois/Air       ##....       67%         2    ###....
 Ignition                 Fire           #.........   100%        8    #######
 Borgnjor's Vile Clutch   Necr/Erth      #.........   100%        5    ######.

Inventory:

Hand Weapons
 a - a +9 quick blade of piercing
 b - a +9 longbow of freezing (weapon)
Missiles
 c - 561 arrows (quivered)
Armour
 e - the +3 crown of Dyrovepreva (worn) {rElec Int+2 SInv}
   (You found it on level 3 of the Elven Halls)

   It affects your intelligence (+2).
   It insulates you from electricity.
   It lets you see invisible.
 g - a +2 pair of gloves (worn)
 G - +12 gold dragon scales (worn)
 I - a +2 cloak of magic resistance (worn)
 L - a +4 centaur barding of flying (worn)
Jewellery
 v - an uncursed ring of see invisible
 x - the ring of Interdependent Arising (left hand) {rN+ Int+4 Dex-4 Slay+5 Stlth+}
   (You found it in the Desolation of Salt)

   [ring of positive energy]

   It affects your intelligence (+4).
   It affects your dexterity (-4).
   It affects your accuracy and damage with ranged weapons and melee attacks
   (+5).
   It protects you from negative energy.
   It makes you more stealthy.
 H - an amulet of faith (around neck) {!P}
 R - the ring "Buatzen" (right hand) {+Fly MR++}
   (You took it off a merfolk on level 4 of the Shoals)

   [ring of flight]

   It affects your resistance to hostile enchantments.
   It lets you fly.
Wands
 q - a wand of paralysis (17)
 u - a wand of enslavement (18)
 y - a wand of scattershot (9)
 J - a wand of clouds (6)
 K - a wand of digging (72)
 N - a wand of iceblast (18)
 O - a wand of acid (67)
Scrolls
 d - 16 scrolls of teleportation {@r4}
 h - 12 scrolls of fear
 i - a scroll of torment {!r}
 j - 15 scrolls of remove curse {@r2}
 k - 25 scrolls of identify {@r1}
 l - 3 scrolls of summoning
 n - 11 scrolls of immolation {!r}
 z - a scroll of holy word
 B - 8 scrolls of blinking
 P - 7 scrolls of vulnerability {!r}
 Q - 9 scrolls of fog
 U - 2 scrolls of magic mapping
Potions
 m - 5 potions of ambrosia
 o - 5 potions of mutation {!q}
 p - 2 potions of magic
 r - a potion of resistance
 s - 2 potions of haste {@q3}
 w - 7 potions of curing {@q1}
 C - 2 potions of invisibility
 D - 3 potions of might
 M - 9 potions of heal wounds {@q2}
 S - a potion of berserk rage {!q}
 V - 3 potions of cancellation
 Y - 6 potions of agility
Comestibles
 f - 68 rations

Dungeon Overview and Level Annotations

Branches:
Dungeon (15/15)            Temple (0/1) D:7            Lair (6/6) D:9
 Shoals (4/4) Lair:2       Spider (4/4) Lair:2        Slime (0/5) Lair:5
    Orc (2/2) D:10            Elf (3/3) Orc:2        Vaults (5/5) D:13
  Crypt (0/3) Vaults:3     Depths (5/5) D:15            Zot (5/5) Depths:5

Altars:
Dithmenos
Elyvilon
Fedhas
Gozag
Hepliaklqana
Kikubaaqudgha
Makhleb
Nemelex Xobeh
Ru
Sif Muna
Uskayaw
Vehumet
Xom
Yredelemnul
Zin
The Shining One
Beogh
Jiyva

Shops:
D:7 =   D:9 !   D:12 (?[   D:15 (   Orc:1 *   Orc:2 ?([   Elf:3 }***([
Shoals:2 *   Shoals:3 *   Vaults:3 (   Depths:1 =}=*

Portals:
Hell: Depths:1 Depths:2 Depths:3 Depths:4 Depths:5
Abyss: Depths:1 Depths:2 Depths:4
Pandemonium: Depths:3
Ziggurat: Depths:4

Annotations:
D:7 1 runed door
Orc:2 exclusions: 3 doors and 1 more exclusion

).# ##'## ##>## ##'## #.#
##...######...######...## #.#
#.......................# #.#
#..⌠........⌠........⌠..#
#.###.......................#
#...##...######...######...##
########## #####'##### #####
##.........## #..♣..@..♣..#
##.........## ###########


There were no monsters in sight!


Message History

No target in view!
No target in view!
(D) Dungeon (T) Temple (L) Lair (A) Shoals (N) Spider Nest (M) Slime Pits (O) Orcish Mines (E) Elven Halls (V) Vaults (C) Crypt (U) Depths (H) Hell (Z) Zot
Where to? (Enter - D:1, ? - help)
There is a stone staircase leading up here.
You can no longer pass through a line of other dancers.
You fly upwards.
There is a stone staircase leading down here.
Things that are here:
a club; a dagger You see here a short sword.
You see here a club.
Things that are here:
a club; an animal skin; a trident
Things that are here:
a club x2
There is a stone staircase leading up here.
You fly upwards.
There is a stone staircase leading down here.
You see here a club.
There is an open door here.
There is an open door here.
There is a staircase leading out of the dungeon here.
You feel agile all of a sudden.
You feel very mighty all of a sudden.
Okay, then.
You have escaped!

Skill      XL: |  1  2  3  4  5  6  7  8  9 10 11 12 13 14 15 16 17 18 19 20 21 22 23 24 25 26 27 |
---------------+----------------------------------------------------------------------------------+-----
Air Magic      | 2 3 5 |  5.9
Conjurations   | 1 2 5 |  5.4
Bows           | 4 6 8 10 14 18 20 22 | 22.0
Fighting       | 3 6 7 8 10 14 16 17 20 22 23 25 | 25.0
Dodging        | 3 5 10 13 | 13.8
Invocations    | 1 9 10 12 13 15 17 20 21 22 23 26 27 | 27.0
Armour         | 3 5 6 9 10 11 15 16 19 | 19.6
Short Blades   | 5 8 10 | 10.0
Throwing       | |  1.1
Stealth        | |  1.0
Spellcasting   | |  1.0

Action                   |  1- 3 |  4- 6 |  7- 9 | 10-12 | 13-15 | 16-18 | 19-21 | 22-24 | 25-27 || total
-------------------------+-------+-------+-------+-------+-------+-------+-------+-------+-------++-------
Melee: Short sword       |   122 |    64 |       |       |       |       |       |       |       ||   186
       Club              |     5 |       |       |       |       |       |       |       |       ||     5
       Kick              |    19 |    24 |    56 |    71 |   344 |     9 |    93 |    78 |    16 ||   710
       Dagger            |       |    98 |   318 |   382 |  1149 |    32 |   140 |       |       ||  2119
       Quick blade       |       |       |       |       |       |       |   155 |   228 |    34 ||   417
       Longbow           |       |       |       |       |       |       |       |     1 |       ||     1
 Fire: Shortbow          |    17 |    17 |   163 |   578 |   331 |       |       |       |       ||  1106
       Blowgun           |       |    10 |    83 |    57 |       |       |       |       |       ||   150
       Longbow           |       |       |       |       |   436 |  1249 |  1523 |  1417 |  1821 ||  6446
 Cast: Shock             |    37 |    63 |    71 |       |       |       |       |       |       ||   171
       Swiftness         |       |       |     1 |       |       |       |       |       |       ||     1
       Static Discharge  |       |       |       |     3 |    80 |       |       |       |       ||    83
Invok: Stomp             |       |       |       |    17 |    21 |     3 |       |     3 |    12 ||    56
       Line Pass         |       |       |       |     3 |     3 |       |       |     1 |       ||     7
       Grand Finale      |       |       |       |     1 |     2 |     1 |     3 |     8 |     6 ||    21
 Abil: Blink             |       |       |     1 |       |       |       |       |       |       ||     1
Evoke: Wand              |       |       |     7 |    18 |    10 |     1 |     3 |     2 |    13 ||    54
       Lightning rod     |       |       |       |       |     2 |       |       |       |       ||     2
       Box of beasts     |       |       |       |       |       |     1 |       |       |       ||     1
  Use: Scroll            |     7 |     3 |     8 |     9 |    13 |    14 |    12 |    19 |    17 ||   102
       Potion            |       |     1 |     4 |     3 |       |     2 |       |     1 |    11 ||    22
 Stab: Paralysed         |       |     1 |     9 |    23 |   111 |    11 |    52 |    54 |    29 ||   290
       Confused          |       |       |       |     1 |     2 |       |       |       |       ||     3
       Petrified         |       |       |       |       |     3 |       |       |       |       ||     3
  Eat: Chunk             |     5 |    13 |     8 |    26 |    52 |    30 |    29 |    28 |    20 ||   211
       Ration            |       |       |     4 |       |     4 |     1 |     2 |     4 |     7 ||    22
Armor: Robe              |    55 |    69 |   155 |       |       |       |       |       |       ||   279
       Scale mail        |       |       |    15 |   155 |       |       |       |       |       ||   170
       Animal skin       |       |       |       |       |   124 |       |       |       |       ||   124
       Plate armour      |       |       |       |       |    53 |   284 |   472 |    13 |       ||   822
       Troll leather arm |       |       |       |       |   165 |    20 |       |       |       ||   185
       Gold dragon scale |       |       |       |       |       |       |       |   511 |   516 ||  1027
Dodge: Dodged            |    84 |   102 |   152 |   153 |   298 |    30 |    61 |    52 |    85 ||  1017

Vault maps used:
D:1:      minmay_arrival_split_and_join
D:2:      kennysheep_big_flooded_room, lemuel_round_altar,
          dancing_weapons_uskayaw, lemuel_round_altar, uniq_robin
D:3:      uniq_jessica
D:4:      old_standard_altar, hangedman_decor_slide_cut
D:5:      lemuel_round_altar, lemuel_round_altar, first_ration,
          minmay_a_box_with_orc_wizards_in_it, uniq_eustachio
D:6:      nicolae_ru_sacrificial_ziggurat, nrook_loot_triangle
D:7:      kennysheep_mini_moat, nicolae_overflow_hidden_temple, kennysheep_mini,
          minmay_temple_entry_nine_rooms, serial_shops, shop, lemuel_angel_altar
D:8:      grunt_gozag_statues, nicolae_dithmenos_through_a_glass_darkly
D:9:      yredelemnul_altar_generic, david_lair_shrubbed, serial_shops,
          shop_statue, uniq_joseph, uniq_grum, uniq_maurice
D:10:     minmay_orc_entry_temple_small, grunt_livestock
D:11:     basic_altar, nicolae_looking_at_the_future
D:12:     serial_shops, shop, nicolae_shop_behind_doors, kennysheep_little_box,
          uniq_fannar
D:13:     erik_vaults_2, due_unseen_surprise
D:14:     nicolae_trove_entry_crystal, uniq_frances
D:15:     grunt_enter_depths_hoard, hangedman_decor_clover_reticule,
          serial_shops, shop, kennysheep_treasure_room, uniq_josephine,
          uniq_azrael
Lair:1:   serial_bayou_lagoon_b, serial_bayou_shore_b
Lair:2:   minmay_shoals_entry_beasts, spider_nest_entry_webs,
          serial_bayou_lagoon_a, grunt_megastairs_3, lemuel_fruit_fields
Lair:3:   statuecave_lemuel, minivault_24
Lair:5:   nicolae_slime_entry_slimehenge, serial_forest,
          infiniplex_forest_clump_double, infiniplex_forest_lined_3_way,
          infiniplex_forest_fountain, infiniplex_forest_split,
          infiniplex_forest_lined_2
Lair:6:   hangedman_lair_caniforms_friends, hangedman_lair_tendril_chambers,
          nicolae_volcano_entry_vermiform, basic_altar
Shoals:1: nicolae_shoals_stone_sculpture_thing, st_cyclops, uniq_aizul
Shoals:2: serial_shops, nicolae_shop_waterfront
Shoals:3: serial_shops, shop
Shoals:4: shoals_end_simple, shoals_ilsuiw_alternative,
          portal_ice_cave_entry_pillars_1
Spider:2: hangedman_stitches_earthworm
Spider:3: spider_trap
Spider:4: spider_rune_water, nicolae_spider_webbed_stairs, uniq_arachne
Orc:1:    serial_shops, shop, mines2_lemuel
Orc:2:    grunt_orc_community_town_hall, grunt_orc_community_big_house_2,
          grunt_orc_community_big_house_1, grunt_orc_community_house_1,
          grunt_orc_community_house_3, grunt_orc_community_house_2,
          grunt_orc_community_house_1, grunt_orc_community_house_1,
          grunt_orc_community_house_2, basic_altar, bh_open_orc_temple
Elf:1:    eino_elf_arrival_customs, portal_desolation_entry_holy_temple,
          hangedman_corner_corridor, uniq_donald, uniq_nikola
Elf:2:    minmay_misc_feat_pillars, spider_trap
Elf:3:    grunt_elf_hall_asides, serial_shops, shop_statue, shop, shop,
          nicolae_shop_behind_doors, nicolae_shop_statue_plus, minivault_26,
          guppyfry_elf_lava
Vaults:1: vaults_room_stairs_pillars, ontoclasm_vaults_tryst,
          vaults_mumra_minichess_inversion, vaults_dpeg_ring, v_alt_pattern_6,
          v_misc_24, nicolae_vaults_little_squares_5, v_misc_22,
          vaults_room_fours, serial_glass
Vaults:2: nicolae_vaults_display_case, ontoclasm_vaults_hangar,
          nicolae_vaults_alarming, v_misc_31, ontoclasm_vaults_eye, v_misc_27,
          vaults_room_fours, uniq_sojobo
Vaults:3: minmay_crypt_entry_simple_walls, nicolae_vaults_specimen_jars,
          vaults_dpeg_doors, ontoclasm_vaults_twist,
          ontoclasm_vaults_ring_large, vaults_mumra_hex, hangedman_vaults_nodes,
          vaults_mumra_bighexcomb, nicolae_vaults_network_square,
          nicolae_vaults_asterisk, vaults_mumra_lcd,
          nicolae_vaults_little_squares_3, vaults_room_pool,
          vaults_mumra_hexcomb, nicolae_vaults_gold_heap,
          nicolae_vaults_border_crossing, serial_shops,
          nicolae_shop_behind_doors
Vaults:4: ontoclasm_vaults_ring_small, vaults_room_hallway,
          nicolae_vaults_little_ls, nicolae_vaults_ninety_degrees,
          v_alt_pattern_1, v_rooms_2, vaults_room_grunt_arrival_checkpoint,
          nicolae_vaults_network_periphery, hangedman_vaults_slither,
          ontoclasm_vaults_misaligned
Vaults:5: uniq_boris
Depths:1: hangedman_tar_grid_catacomb, minmay_strange_pillars, abyss_entry,
          st_stairs_4, guppyfry_shop_venom, minmay_shop_grove
Depths:2: due_chaos_kobolds, infiniplex_staircase_door_maze,
          grunt_mini_vestibule
Depths:3: gammafunk_jiyva_shrine, nrook_mini_vaults, hell_entry,
          grunt_pan_entry_in_and_out, feat_on_display,
          infiniplex_staircase_pillars_3b, uniq_boris
Depths:4: cheibrodos_cascadia, enter_ziggurat_c, abyss_entry_glasseish,
          hellmouth_1, minmay_misc_feat_cross, serial_bayou_shore_a
Depths:5: grunt_runaround, hell_entry, uniq_xtahua
Zot:1:    grunt_zot_stairs_mandelzot
Zot:2:    lemuel_draconian_sentries
Zot:3:    st_stairs_8
Zot:4:    nicolae_moth_party
Abyss:1:  minivault_19
Trove:    trove_hunter_1
IceCv:    ice_cave_caverns_01

Notes
Turn   | Place    | Note
-------+----------+-------------------------------------------
     0 | D:1      | MummyMadness the Centaur Wanderer began the quest for the Orb.
     0 | D:1      | MummyMadness set off with: a +0 shortbow, 24 arrows, a scroll of teleportation {@r4}, a +0 robe, a ration
     0 | D:1      | Reached XP level 1. HP: 17/17 MP: 2/2
     2 | D:1      | Learned a level 1 spell: Shock
   133 | D:1      | Reached skill level 2 in Air Magic
   316 | D:1      | Reached XP level 2. HP: 24/24 MP: 0/3
   319 | D:1      | Reached skill level 1 in Conjurations
   770 | D:1      | Reached XP level 3. HP: 29/29 MP: 0/4
  1850 | D:2      | Noticed a dagger
  1851 | D:2      | Found a hide-covered altar of Uskayaw.
  1852 | D:2      | Noticed a dagger
  1863 | D:2      | Became a worshipper of Uskayaw the Reveler
  1944 | D:2      | Reached * piety under Uskayaw
  1947 | D:2      | Reached ** piety under Uskayaw
  1948 | D:2      | Reached skill level 2 in Conjurations
  2077 | D:2      | Reached skill level 3 in Air Magic
  2246 | D:2      | Reached XP level 4. HP: 36/36 MP: 1/5
  2259 | D:2      | Reached skill level 2 in Bows
  2314 | D:2      | Noticed Robin
  2450 | D:1      | Learned a level 2 spell: Swiftness
  2459 | D:2      | Killed Robin
  2459 | D:2      | Reached *** piety under Uskayaw
  2518 | D:2      | Found a blossoming altar of Fedhas.
  2522 | D:2      | Reached skill level 3 in Bows
  2936 | D:2      | Found a deep blue altar of Sif Muna.
  3019 | D:2      | Reached **** piety under Uskayaw
  3032 | D:2      | Reached skill level 4 in Bows
  3032 | D:2      | Reached XP level 5. HP: 29/41 MP: 6/6
  3764 | D:3      | Reached skill level 5 in Bows
  4120 | D:3      | Noticed Jessica
  4154 | D:3      | Killed Jessica
  4578 | D:4      | Reached skill level 6 in Bows
  4754 | D:4      | Reached XP level 6. HP: 41/48 MP: 1/7
  5044 | D:4      | Reached skill level 7 in Bows
  5324 | D:4      | Found a white marble altar of Elyvilon.
  5785 | D:5      | Entered Level 5 of the Dungeon
  5837 | D:5      | Reached skill level 8 in Bows
  5981 | D:5      | Reached XP level 7. HP: 36/55 MP: 3/8
  6175 | D:5      | Reached skill level 9 in Bows
  6633 | D:5      | Reached skill level 10 in Bows
  6883 | D:5      | Found a sparkling altar of Nemelex Xobeh.
  7072 | D:5      | Noticed Eustachio
  7100 | D:4      | Killed Eustachio
  7100 | D:4      | Reached skill level 3 in Fighting
  7100 | D:4      | Reached XP level 8. HP: 48/63 MP: 1/9
  7232 | D:5      | Reached ***** piety under Uskayaw
  7235 | D:5      | Reached skill level 4 in Fighting
  7258 | D:5      | Reached ****** piety under Uskayaw
  7579 | D:5      | Reached skill level 5 in Fighting
  7745 | D:5      | Found an ancient bone altar of Kikubaaqudgha.
  8065 | D:6      | Reached skill level 6 in Fighting
  8176 | D:6      | Reached skill level 1 in Dodging
  8221 | D:6      | Reached skill level 2 in Dodging
  8394 | D:6      | Found a sacrificial altar of Ru.
  8646 | D:6      | Identified 2 potions of resistance
  8963 | D:6      | Gained mutation: You are clumsy. (Dex -2) [potion of mutation]
  8963 | D:6      | Gained mutation: You are dopey. (Int -2) [potion of mutation]
  8963 | D:6      | Gained mutation: You possess an exceptional clarity of mind. [potion of mutation]
  9168 | D:6      | Reached skill level 3 in Dodging
  9851 | D:7      | Reached XP level 9. HP: 59/75 MP: 0/10
  9856 | D:7      | Reached skill level 11 in Bows
 10160 | D:6      | Lost mutation: You possess an exceptional clarity of mind. [potion of mutation]
 10160 | D:6      | Lost mutation: You are dopey. (Int -2) [potion of mutation]
 10160 | D:6      | Gained mutation: Your spells are a little harder to cast, but a little more powerful. [potion of mutation]
 10160 | D:6      | Gained mutation: You possess an exceptional clarity of mind. [potion of mutation]
 10160 | D:6      | Gained mutation: You can translocate small distances at will. [potion of mutation]
 10302 | D:7      | Found a glowing silver altar of Zin.
 10303 | D:7      | Found a runed door.
 10303 | D:7      | Noticed an angel
 10430 | D:7      | Found a burning altar of Makhleb.
 10660 | D:7      | Found Roozuote's Jewellery Shoppe.
 10669 | D:7      | Reached skill level 12 in Bows
 10681 | D:7      | Bought an uncursed ring of poison resistance for 280 gold pieces
 10695 | D:7      | Found a radiant altar of Vehumet.
 11068 | D:7      | Found a staircase to the Ecumenical Temple.
 11355 | D:8      | Found an opulent altar of Gozag.
 11896 | D:8      | Reached skill level 13 in Bows
 12201 | D:8      | Reached skill level 14 in Bows
 12477 | D:8      | Found a shadowy altar of Dithmenos.
 12825 | D:8      | Reached skill level 7 in Fighting
 12884 | D:8      | Reached skill level 1 in Invocations
 12884 | D:8      | Reached XP level 10. HP: 75/86 MP: 11/11
 12915 | D:9      | Noticed a two-headed ogre
 12916 | D:9      | Noticed Grum
 13027 | D:9      | Found Uforruj's Distillery.
 13050 | D:9      | Bought a potion of heal wounds for 50 gold pieces
 13050 | D:9      | Bought a potion of invisibility for 80 gold pieces
 13050 | D:9      | Bought a potion of heal wounds for 50 gold pieces
 13215 | D:9      | Killed a two-headed ogre
 13215 | D:9      | Reached skill level 3 in Invocations
 13287 | D:9      | Noticed a two-headed ogre
 13348 | D:9      | Killed a two-headed ogre
 13348 | D:9      | Reached skill level 8 in Fighting
 13348 | D:9      | Reached skill level 4 in Invocations
 13446 | D:9      | Killed Grum
 13593 | D:9      | Reached skill level 5 in Invocations
 13665 | D:9      | Found a basalt altar of Yredelemnul.
 13774 | D:9      | Noticed Maurice
 13857 | D:9      | Killed Maurice
 13857 | D:9      | Reached skill level 6 in Invocations
 13929 | D:9      | Got a bloodstained trident
 14013 | D:9      | Noticed Joseph
 14074 | D:9      | Killed Joseph
 14074 | D:9      | Reached skill level 7 in Invocations
 14244 | D:9      | Found a staircase to the Lair.
 14244 | D:9      | Noticed a two-headed ogre
 14302 | D:9      | Killed a two-headed ogre
 14302 | D:9      | Reached skill level 8 in Invocations
 14717 | D:9      | Identified the +7 trident "Zojoc Beg" {drain, Str-5 Int-5 Dex+8 Stlth+} (You found it on level 9 of the Dungeon)
 14724 | Lair:1   | Entered Level 1 of the Lair of Beasts
 14881 | Lair:1   | Reached skill level 9 in Invocations
 14940 | Lair:1   | Noticed yrara's ghost (journeyman DsFi)
 15052 | Lair:1   | Killed yrara's ghost
 15052 | Lair:1   | Reached XP level 11. HP: 54/94 MP: 16/18
 15648 | Lair:1   | Reached skill level 10 in Invocations
 16023 | Lair:2   | Reached skill level 2 in Armour
 16207 | Lair:2   | Found a hole to the Spider Nest.
 16230 | Lair:2   | Reached skill level 3 in Armour
 16724 | Lair:2   | Reached skill level 9 in Fighting
 17018 | Lair:2   | Found a staircase to the Shoals.
 17236 | Lair:2   | Got a sparkling bronze amulet
 17354 | Lair:2   | Identified the amulet "Roapsuesk" {+Blink +Rage rF+ Str+4 Int-3} (You found it on level 2 of the Lair of Beasts)
 17510 | Lair:3   | Reached skill level 10 in Fighting
 17510 | Lair:3   | Reached skill level 1 in Short Blades
 17535 | Lair:3   | Reached skill level 2 in Short Blades
 18020 | Lair:3   | Reached skill level 3 in Short Blades
 18442 | Lair:3   | Reached skill level 4 in Short Blades
 18877 | Lair:3   | Reached skill level 5 in Short Blades
 19074 | Lair:3   | Reached XP level 12. HP: 82/106 MP: 19/19
 19322 | Lair:3   | Noticed a four-headed hydra
 19345 | Lair:3   | Killed a four-headed hydra
 19345 | Lair:3   | Reached skill level 6 in Short Blades
 20341 | Lair:4   | Reached skill level 7 in Short Blades
 20885 | Lair:4   | Reached skill level 8 in Short Blades
 21130 | Lair:4   | Learned a level 3 spell: Static Discharge
 22038 | Lair:4   | Identified a potion of experience
 22039 | Lair:4   | Reached skill level 5 in Conjurations
 22039 | Lair:4   | Reached skill level 5 in Air Magic
 22039 | Lair:4   | Reached XP level 13. HP: 113/113 MP: 20/20
 22777 | Lair:5   | Learned a level 3 spell: Mephitic Cloud
 22847 | Lair:5   | Reached skill level 9 in Short Blades
 23487 | Lair:5   | Found a staircase to the Slime Pits.
 23878 | Lair:5   | Reached skill level 10 in Short Blades
 24442 | Lair:6   | Entered Level 6 of the Lair of Beasts
 25002 | Lair:6   | Reached skill level 11 in Invocations
 25502 | Lair:6   | Reached skill level 12 in Invocations
 25608 | Lair:6   | Reached XP level 14. HP: 55/121 MP: 20/23
 26294 | Lair:6   | Reached skill level 13 in Invocations
 27743 | Lair:6   | Reached skill level 15 in Bows
 28111 | Lair:6   | Paralysed by a hornet for 3 turns
 29158 | Lair:6   | Reached skill level 16 in Bows
 29335 | Lair:6   | Got a shimmering lapis lazuli ring
 29345 | Lair:6   | Identified the ring of Iczas {Str+4 Stlth+} (You found it on level 6 of the Lair of Beasts)
 29420 | Lair:6   | Found a deep blue altar of Sif Muna.
 29826 | D:10     | Entered Level 10 of the Dungeon
 29876 | D:7      | Found a hazy altar of Hepliaklqana.
 30412 | D:10     | Found a staircase to the Orcish Mines.
 30513 | D:10     | Found a roughly hewn altar of Beogh.
 31282 | Orc:1    | Entered Level 1 of the Orcish Mines
 31938 | Orc:1    | Found Kifreqim's Assorted Antiques.
 32073 | Orc:2    | Entered Level 2 of the Orcish Mines
 32191 | Orc:2    | Found a roughly hewn altar of Beogh.
 32314 | Orc:2    | Reached skill level 17 in Bows
 32987 | Orc:2    | Found a roughly hewn altar of Beogh.
 33003 | Orc:2    | Found a staircase to the Elven Halls.
 33079 | Orc:2    | Found a roughly hewn altar of Beogh.
 33262 | Orc:2    | Found a roughly hewn altar of Beogh.
 33350 | Orc:2    | Found Azxaraats's Magic Scroll Boutique.
 33391 | Orc:2    | Found a roughly hewn altar of Beogh.
 33626 | Orc:2    | Reached skill level 18 in Bows
 33894 | Orc:2    | Noticed an orc warlord
 33908 | Orc:2    | Killed an orc warlord
 33985 | Orc:2    | Found Eqaaczes's Antique Weapon Boutique.
 33987 | Orc:2    | Found a roughly hewn altar of Beogh.
 33993 | Orc:2    | Found Zoath's Antique Armour Shop.
 34063 | Orc:2    | Reached XP level 15. HP: 113/126 MP: 25/25
 34313 | Orc:2    | Bought a bloodstained ring mail for 180 gold pieces
 34323 | Orc:2    | Identified the +1 ring mail of Repulsion {Str+4 Slay+2} (You bought it in a shop on level 2 of the Orcish Mines)
 34335 | Orc:2    | Bought the +4 moon troll leather armour {Spirit, Regen++ MP+5} for 1090 gold pieces
 34335 | Orc:2    | Found the +4 moon troll leather armour {Spirit, Regen++ MP+5}
 34530 | Orc:1    | Bought a translucent rapier for 279 gold pieces
 34531 | Orc:1    | Identified the +7 rapier "Conservator" {antimagic, Dex+2} (You bought it in a shop on level 1 of the Orcish Mines)
 34539 | Orc:1    | Bought a scroll of enchant weapon for 232 gold pieces
 34540 | Orc:1    | Bought a shiny gold wand for 124 gold pieces
 34596 | Orc:2    | Bought a scroll of fog for 32 gold pieces
 34596 | Orc:2    | Bought a scroll of teleportation for 48 gold pieces
 35175 | D:11     | Found an ancient bone altar of Kikubaaqudgha.
 35680 | D:11     | Reached skill level 19 in Bows
 35776 | D:12     | Noticed Fannar
 35782 | D:12     | Killed Fannar
 36198 | D:12     | Found Bosk's Armour Shop.
 36494 | D:12     | Found Atohitu's Magic Scroll Shoppe.
 36511 | D:12     | Bought a scroll of blinking for 112 gold pieces
 36586 | D:12     | Found Coba's Weapon Shop.
 36867 | D:13     | Reached skill level 20 in Bows
 36878 | D:13     | Found a gate to the Vaults.
 37147 | D:13     | Reached skill level 14 in Invocations
 37889 | D:14     | Noticed Frances
 37897 | D:14     | Killed Frances
 38266 | D:14     | Identified a scroll of acquirement
 38609 | D:14     | Found a portal to a secret trove of treasure.
 38752 | D:15     | Entered Level 15 of the Dungeon
 38803 | D:15     | Noticed Azrael
 38811 | D:15     | Killed Azrael
 38811 | D:15     | Reached skill level 15 in Invocations
 38932 | D:15     | Reached skill level 4 in Armour
 39198 | D:15     | Reached skill level 5 in Armour
 39251 | D:15     | Noticed Josephine
 39263 | D:15     | Killed Josephine
 39390 | D:15     | Reached XP level 16. HP: 134/134 MP: 27/27
 39511 | D:15     | Found a runed door.
 39543 | D:15     | Found Pamm's Weapon Boutique.
 39578 | D:15     | Reached skill level 6 in Armour
 39581 | D:15     | Found a staircase to the Depths.
 40118 | D:7      | Bought an uncursed ring of protection from magic for 350 gold pieces
 40244 | Elf:1    | Entered Level 1 of the Elven Halls
 40330 | Elf:1    | Found a ruined gateway.
 40375 | Elf:1    | Found a glowing silver altar of Zin.
 40375 | Elf:1    | Found a white marble altar of Elyvilon.
 40379 | Elf:1    | Found a glowing golden altar of the Shining One.
 40387 | Desolati | Entered the Desolation of Salt
 40422 | Desolati | Reached skill level 11 in Fighting
 40709 | Desolati | Got a bronze scale mail
 40713 | Desolati | Got a twitching pewter ring
 40717 | Desolati | Identified Vuruun's Volume of Venom and the Traveller
 40721 | Desolati | Identified the +1 scale mail of Parts Unknown {rC+} (You found it in the Desolation of Salt)
 40724 | Desolati | Identified the ring of Interdependent Arising {rN+ Int+4 Dex-4 Slay+5 Stlth+} (You found it in the Desolation of Salt)
 40864 | Desolati | Reached skill level 12 in Fighting
 41191 | Desolati | Identified the Compendium of Translocation and Enchantment
 41194 | Desolati | Got a bound zirconium amulet
 41196 | Desolati | Identified the amulet "Vuosas" {Reflect +Fly rN++ Dex-4 SH+3} (You found it in the Desolation of Salt)
 41208 | Desolati | Got an ancient plate armour
 41209 | Desolati | Identified the +13 plate armour of Syndicalism {rN+ Int+4 SInv} (You found it in the Desolation of Salt)
 41341 | Desolati | Reached skill level 13 in Fighting
 41698 | Desolati | Reached skill level 14 in Fighting
 41856 | Desolati | Identified Riupiruf's Tome of Venom and Conjuration
 41862 | Desolati | Got a smoking pewter amulet
 41864 | Desolati | Identified the amulet "Jemitas" {Reflect *Slow rElec Str+3 Dex+5 SH+5} (You found it in the Desolation of Salt)
 42079 | Desolati | Got a brightly glowing robe
 42080 | Desolati | Identified the +1 robe of New Discoveries {Str+4} (You took it off an imperial myrmidon in the Desolation of Salt)
 42364 | Elf:1    | Noticed Donald
 42378 | Elf:1    | Killed Donald
 42378 | Elf:1    | Reached XP level 17. HP: 108/154 MP: 21/28
 42942 | Elf:1    | Noticed Nikola
 42954 | Elf:1    | Killed Nikola
 42957 | Elf:1    | Reached skill level 15 in Fighting
 43480 | Elf:1    | Reached skill level 7 in Armour
 44192 | Elf:2    | Found a runed gate.
 44192 | Elf:2    | Found a runed gate.
 44192 | Elf:2    | Found a runed gate.
 44874 | Elf:2    | Reached skill level 8 in Armour
 45082 | Elf:2    | Reached skill level 16 in Fighting
 45366 | Elf:3    | Entered Level 3 of the Elven Halls
 45382 | Elf:3    | Found Kamomun's Assorted Antiques.
 45406 | Elf:3    | Found Uganib's Antique Weapon Shop.
 45419 | Elf:3    | Found Avairere's Antique Armour Emporium.
 45491 | Elf:3    | Found Odghodeb's Elven Fire.
 45636 | Elf:3    | Found Con Kul's Gadget Shop.
 45934 | Elf:3    | Found Fabu's General Store.
 45980 | Elf:3    | Reached skill level 9 in Armour
 46145 | Elf:3    | Bought a potion of curing for 45 gold pieces
 46145 | Elf:3    | Bought a potion of curing for 45 gold pieces
 46324 | D:9      | Bought 2 potions of curing for 60 gold pieces
 46324 | D:9      | Bought a potion of curing for 30 gold pieces
 46324 | D:9      | Bought a potion of curing for 30 gold pieces
 46482 | D:14     | You paid a toll of 18 potions of curing to enter a treasure trove
 46483 | Trove    | Entered a treasure trove
 46498 | Trove    | Got a twisted scale mail
 46507 | Trove    | Got a heavily runed troll leather armour
 46534 | D:14     | Identified the cursed +0 scale mail of Dici {Int+4 Dex-4 SInv} (You found it in a treasure trove)
 46534 | D:14     | Lost dexterity.
 46549 | D:14     | Identified the +3 troll leather armour "Monar" {Regen+ Str+2} (You found it in a treasure trove)
 46786 | Spider:1 | Entered Level 1 of the Spider Nest
 47614 | Spider:1 | Reached XP level 18. HP: 147/168 MP: 29/29
 49280 | Spider:3 | Reached skill level 17 in Fighting
 49450 | Spider:3 | Reached skill level 10 in Armour
 50281 | Spider:4 | Entered Level 4 of the Spider Nest
 50651 | Spider:4 | Noticed Arachne
 50660 | Spider:4 | Killed Arachne
 51102 | Spider:4 | Reached skill level 16 in Invocations
 51533 | Spider:4 | Reached skill level 17 in Invocations
 51752 | Spider:4 | Got a gossamer rune of Zot
 52068 | Shoals:1 | Entered Level 1 of the Shoals
 52136 | Shoals:1 | Reached XP level 19. HP: 177/177 MP: 31/31
 52629 | Shoals:1 | Noticed Aizul
 52638 | Shoals:1 | Killed Aizul
 52959 | Shoals:1 | Reached skill level 18 in Invocations
 53453 | Shoals:2 | Found Onlifoyse's General Store.
 54650 | Shoals:3 | Found Xyse's Assorted Antiques.
 54875 | Shoals:3 | Reached skill level 19 in Invocations
 55555 | Shoals:4 | Entered Level 4 of the Shoals
 55723 | Shoals:4 | Found a frozen archway.
 55735 | IceCv    | Entered an ice cave
 56777 | IceCv    | Got a pair of jewelled gloves
 56814 | IceCv    | Identified the +1 pair of gloves "Keoj Cawn" {+Blink SInv} (You found it in an ice cave)
 56949 | Shoals:4 | Noticed Ilsuiw
 56954 | Shoals:4 | Killed Ilsuiw
 56969 | Shoals:4 | Reached skill level 20 in Invocations
 57216 | Shoals:4 | Got a flickering marble ring
 57662 | Shoals:4 | Reached XP level 20. HP: 187/187 MP: 34/34
 57979 | Shoals:4 | Got a barnacled rune of Zot
 58220 | Shoals:4 | Identified the ring "Buatzen" {+Fly MR++} (You took it off a merfolk on level 4 of the Shoals)
 58226 | Shoals:4 | Got a warped centaur barding
 58237 | Shoals:4 | Identified the +2 centaur barding "Qama" {-Tele rElec rPois} (You acquired it on level 4 of the Shoals)
 58533 | D:15     | Bought a +0 quick blade for 270 gold pieces
 58631 | D:12     | Bought a scroll of brand weapon for 300 gold pieces
 58634 | D:12     | Bought a scroll of enchant weapon for 112 gold pieces
 58703 | Vaults:1 | Entered Level 1 of the Vaults
 58868 | Vaults:1 | Reached skill level 18 in Fighting
 59453 | Vaults:1 | Reached skill level 19 in Fighting
 60740 | Vaults:2 | Noticed Sojobo
 60759 | Vaults:2 | Killed Sojobo
 60759 | Vaults:2 | Reached skill level 20 in Fighting
 61246 | Vaults:2 | Reached skill level 11 in Armour
 62352 | Vaults:2 | Reached XP level 21. HP: 196/201 MP: 35/35
 62813 | Vaults:3 | Reached skill level 12 in Armour
 63134 | Vaults:3 | Found a staircase to the Crypt.
 63392 | Vaults:3 | Found Batzear's Weapon Shoppe.
 63867 | Vaults:3 | Reached skill level 13 in Armour
 65066 | Vaults:3 | Reached skill level 14 in Armour
 66328 | Vaults:4 | Reached skill level 15 in Armour
 66359 | Vaults:4 | Reached XP level 22. HP: 202/209 MP: 36/36
 67185 | Depths:1 | Entered Level 1 of the Depths
 67436 | Depths:1 | Found Tylew's Serpentskin Sales.
 67611 | Depths:1 | Found a one-way gate to the infinite horrors of the Abyss.
 67734 | Depths:1 | Found Fuomus Efro's Jewellery Shop.
 67735 | Depths:1 | Found Naqum's Gadget Emporium.
 67736 | Depths:1 | Found Vefeaf's Jewellery Shop.
 67868 | Depths:1 | Found a gateway to Hell.
 67967 | Depths:1 | Reached skill level 16 in Armour
 68880 | Depths:2 | Found a shimmering altar of Xom.
 68882 | Depths:2 | You are cast into the Abyss!
 68882 | Depths:2 | Cast into level 1 of the Abyss (kobold)
 69617 | Abyss:1  | Found an opulent altar of Gozag.
 69629 | Abyss:1  | Noticed an ancient lich
 69901 | Depths:2 | You pass through the gate.
 69901 | Depths:2 | Escaped the Abyss
 70327 | Depths:2 | Reached skill level 21 in Invocations
 71334 | Depths:3 | Reached XP level 23. HP: 213/215 MP: 37/37
 71748 | Depths:3 | Noticed krabocopter's ghost (veteran MiFi)
 71753 | Depths:3 | Found a transporter.
 72216 | Depths:3 | Killed krabocopter's ghost
 72622 | Depths:3 | Reached skill level 22 in Invocations
 72908 | Depths:3 | Found a one-way gate leading to the halls of Pandemonium.
 73031 | Depths:3 | Noticed Boris
 73047 | Depths:3 | Killed Boris
 73430 | Depths:3 | Found a viscous altar of Jiyva.
 73431 | Depths:3 | Found a transporter.
 73712 | Depths:3 | Lost mutation: You possess an exceptional clarity of mind. [a shining eye]
 74086 | Depths:4 | Found a gateway to a ziggurat.
 74268 | Depths:4 | Reached skill level 21 in Fighting
 74983 | Depths:4 | Found the +8 lance "Wyrmbane" {slay drac, rPois rF+ rC+ AC+3}
 75348 | Depths:4 | Noticed an ancient lich
 75361 | Depths:4 | Killed an ancient lich
 75798 | Depths:5 | Entered Level 5 of the Depths
 75840 | Depths:5 | Reached skill level 22 in Fighting
 75847 | Depths:5 | Noticed Xtahua
 75854 | Depths:5 | Killed Xtahua
 76008 | Depths:5 | Noticed tmwh's ghost (veteran GrEE)
 76010 | Depths:5 | Reached skill level 4 in Dodging
 76542 | Depths:5 | Noticed a caustic shrike
 76547 | Depths:5 | Noticed a caustic shrike
 76550 | Depths:5 | Noticed a caustic shrike
 76553 | Depths:5 | Killed a caustic shrike
 76553 | Depths:5 | Reached skill level 5 in Dodging
 76555 | Depths:5 | Killed a caustic shrike
 76558 | Depths:5 | Killed a caustic shrike
 76558 | Depths:5 | Reached XP level 24. HP: 187/231 MP: 38/38
 76689 | Depths:5 | Reached skill level 6 in Dodging
 76826 | Depths:5 | Noticed a juggernaut
 76847 | Depths:5 | Killed a juggernaut
 76847 | Depths:5 | Reached skill level 7 in Dodging
 77132 | Depths:5 | Reached skill level 8 in Dodging
 77216 | Depths:5 | Noticed a caustic shrike
 77224 | Depths:5 | Killed a caustic shrike
 77226 | Depths:5 | Noticed a caustic shrike
 77226 | Depths:5 | Noticed a caustic shrike
 77231 | Depths:5 | Killed a caustic shrike
 77231 | Depths:5 | Reached skill level 9 in Dodging
 77233 | Depths:5 | Killed a caustic shrike
 77288 | Depths:5 | Noticed a caustic shrike
 77713 | Depths:5 | Found a gate to the Realm of Zot.
 77748 | Depths:5 | Killed a caustic shrike
 77748 | Depths:5 | Reached skill level 10 in Dodging
 77798 | Depths:5 | Noticed a caustic shrike
 77812 | Depths:5 | Killed a caustic shrike
 78564 | Depths:5 | Killed tmwh's ghost
 79296 | Orc:2    | Bought a scroll of enchant armour for 120 gold pieces
 79296 | Orc:2    | Bought a scroll of magic mapping for 56 gold pieces
 79485 | Elf:3    | Reached skill level 23 in Invocations
 79789 | Elf:3    | Reached XP level 25. HP: 205/238 MP: 38/38
 79951 | Elf:3    | Found the +3 crown of Dyrovepreva {rElec Int+2 SInv}
 80125 | Elf:3    | Identified the Grimoire of the Mutagenic Traveller
 80146 | Elf:3    | Got a pitted helmet
 80166 | Elf:3    | Identified the -5 helmet of the Several Deaths {rF+ MP+9 Dex+2} (You found it on level 3 of the Elven Halls)
 80592 | Vaults:5 | Entered Level 5 of the Vaults
 80596 | Vaults:5 | Noticed Boris
 80596 | Vaults:5 | Noticed an ancient lich
 80610 | Vaults:5 | Reached skill level 24 in Invocations
 80613 | Vaults:5 | Killed an ancient lich
 80616 | Vaults:5 | Killed Boris
 80795 | Vaults:5 | Reached skill level 25 in Invocations
 81040 | Vaults:5 | Noticed an ancient lich
 81049 | Vaults:5 | Killed an ancient lich
 81314 | Vaults:5 | Identified the Disquisition on the Glacier and Calling
 81460 | Vaults:5 | Reached skill level 26 in Invocations
 81812 | Vaults:5 | Noticed an ancient lich
 81819 | Vaults:5 | Killed an ancient lich
 81919 | Vaults:5 | Reached XP level 26. HP: 241/246 MP: 40/40
 81967 | Vaults:5 | Noticed an ancient lich
 81998 | Vaults:5 | Killed an ancient lich
 82380 | Vaults:5 | Got a silver rune of Zot
 82405 | Vaults:5 | Reached skill level 27 in Invocations
 83708 | Zot:1    | Entered Level 1 of the Realm of Zot
 84096 | Zot:1    | Reached skill level 21 in Bows
 85023 | Zot:1    | Noticed an electric golem
 85035 | Zot:1    | Killed an electric golem
 85057 | Zot:1    | Reached skill level 22 in Bows
 85227 | Zot:1    | Noticed an orb of fire
 85240 | Zot:1    | Reached skill level 23 in Fighting
 85270 | Zot:1    | Killed an orb of fire
 86216 | Zot:2    | Noticed a curse toe
 86227 | Zot:2    | Killed a curse toe
 86227 | Zot:2    | Reached XP level 27. HP: 142/260 MP: 40/40
 86583 | Zot:2    | Reached skill level 24 in Fighting
 88633 | Zot:3    | Noticed an orb of fire
 88642 | Zot:3    | Killed an orb of fire
 89035 | Zot:3    | Reached skill level 25 in Fighting
 89155 | Zot:4    | Reached skill level 17 in Armour
 90220 | Zot:5    | Entered Level 5 of the Realm of Zot
 90290 | Zot:5    | Noticed a curse toe
 90677 | Zot:5    | Killed a curse toe
 90895 | Zot:5    | Noticed a curse toe
 90911 | Zot:5    | Killed a curse toe
 91076 | Zot:5    | Reached skill level 18 in Armour
 92169 | Zot:5    | Noticed an ancient lich
 92178 | Zot:5    | Killed an ancient lich
 92178 | Zot:5    | Reached skill level 11 in Dodging
 92192 | Zot:5    | Noticed an orb of fire
 92195 | Zot:5    | Gained mutation: Scrolls take you a little longer to read. [an orb of fire]
 92200 | Zot:5    | Killed an orb of fire
 92200 | Zot:5    | Noticed an ancient lich
 92208 | Zot:5    | Noticed an electric golem
 92209 | Zot:5    | Killed an ancient lich
 92217 | Zot:5    | Noticed an ancient lich
 92226 | Zot:5    | Killed an electric golem
 92227 | Zot:5    | Killed an ancient lich
 92264 | Zot:5    | Reached skill level 12 in Dodging
 92325 | Zot:5    | Noticed an orb of fire
 92336 | Zot:5    | Killed an orb of fire
 92351 | Zot:5    | Noticed an orb of fire
 92359 | Zot:5    | Killed an orb of fire
 92481 | Zot:5    | Reached skill level 19 in Armour
 92676 | Zot:5    | Noticed an electric golem
 92685 | Zot:5    | Killed an electric golem
 92828 | Zot:5    | Noticed an orb of fire
 92838 | Zot:5    | Killed an orb of fire
 92838 | Zot:5    | Reached skill level 13 in Dodging
 92899 | Zot:5    | Noticed a curse toe
 92910 | Zot:5    | Killed a curse toe
 93236 | Zot:5    | Noticed an orb of fire
 93252 | Zot:5    | Gained mutation: Your magical capacity is low. (-10% MP) [an orb of fire]
 93253 | Zot:5    | Killed an orb of fire
 93304 | Zot:5    | Noticed an orb of fire
 93307 | Zot:5    | Gained mutation: You are frail. (-10% HP) [an orb of fire]
 93315 | Zot:5    | Gained mutation: You have a somewhat thin skeletal structure. (Dex +2, Stealth) [an orb of fire]
 93320 | Zot:5    | Gained mutation: Your magical capacity is very low. (-20% MP) [an orb of fire]
 93322 | Zot:5    | Killed an orb of fire
 93327 | Zot:5    | Lost mutation: You are frail. (-10% HP) [potion of mutation]
 93327 | Zot:5    | Lost mutation: Your magical capacity is very low. (-20% MP) [potion of mutation]
 93327 | Zot:5    | Lost mutation: Your spells are a little harder to cast, but a little more powerful. [potion of mutation]
 93327 | Zot:5    | Gained mutation: You have a pair of small horns on your head. [potion of mutation]
 93327 | Zot:5    | Gained mutation: Your spells are a little harder to cast, but a little more powerful. [potion of mutation]
 93328 | Zot:5    | Lost mutation: You are clumsy. (Dex -2) [potion of mutation]
 93328 | Zot:5    | Lost mutation: Your spells are a little harder to cast, but a little more powerful. [potion of mutation]
 93328 | Zot:5    | Lost mutation: Scrolls take you a little longer to read. [potion of mutation]
 93328 | Zot:5    | Lost mutation: Your magical capacity is low. (-10% MP) [potion of mutation]
 93328 | Zot:5    | Gained mutation: Your flesh is cold resistant. (rC+) [potion of mutation]
 93328 | Zot:5    | Gained mutation: You are resistant to electric shocks. (rElec) [potion of mutation]
 93881 | Zot:5    | Got the Orb of Zot
 93915 | Zot:4    | Noticed Lexamai the pandemonium lord
 93919 | Zot:4    | Killed Lexamai the pandemonium lord
 94206 | Depths:1 | Noticed Musaqos the pandemonium lord
 94267 | D:12     | Noticed Rahysimo the pandemonium lord
 94633 | D:$      | Escaped with the Orb!

Vanquished Creatures
  8 orbs of fire
  8 ancient liches
  A juggernaut (Depths:5)
  The ghost of tmwh the Petrodigitator, a veteran GrEE of Vehumet (Depths:5)
  Sojobo (Vaults:2)
  Boris (twice) (Depths:3 Vaults:5)
  Xtahua (Depths:5)
  4 curse toes
  8 caustic shrikes (Depths:5)
  The ghost of krabocopter the Hoplite, a veteran MiFi of Okawaru (Depths:3)
  5 Killer Klowns
  8 golden dragons
  Nikola (Elf:1)
  Arachne (Spider:4)
  17 tentacled monstrosities
  A pandemonium lord (Zot:4)
  3 electric golems
  2 deep elf blademasters (Elf:3)
  27 Orb Guardians
  3 titans
  An acid blob (Depths:3)
  2 deep elf master archers (Elf:3)
  11 quicksilver dragons
  2 liches
  8 death cobs
  5 sphinxes
  Frances (D:14)
  2 tentacled starspawn (Abyss:1)
  An Executioner (D:13)
  8 shadow dragons
  8 tengu reavers
  4 draconian monks
  18 storm dragons
  Donald (Elf:1)
  Ilsuiw (Shoals:4)
  25 vault wardens
  2 daevas (Depths:4)
  10 fire giants
  2 azure jellies (Depths:3)
  10 frost giants
  7 ghost moths
  10 draconian knights
  Aizul (Shoals:1)
  6 deep elf sorcerers
  2 iron dragons (Vaults:5)
  3 imperial myrmidons (Desolation)
  An orc warlord (Orc:2)
  9 emperor scorpions
  10 draconian scorchers
  3 angels
  4 deep elf elementalists
  12 draconian stormcallers
  3 draconian shifters
  9 draconian annihilators
  14 stone giants
  A war gargoyle (Vaults:5)
  6 entropy weavers
  24 ironheart preservers
  15 very ugly things
  A spriggan defender (Depths:5)
  2 vampire knights
  11 purple draconians
  18 green draconians
  Azrael (D:15)
  13 black draconians
  11 deep elf demonologists
  A halazid warlock (Desolation)
  10 deep elf annihilators
  11 white draconians
  A spark wasp (shapeshifter) (Depths:5)
  7 yellow draconians
  3 merfolk javelineers
  8 spark wasps
  7 ettins
  13 red draconians
  3 blizzard demons
  7 deep elf death magi
  9 merfolk impalers
  3 crystal guardians
  A death ooze (Depths:3)
  13 fire dragons
  Josephine (D:15)
  18 yaktaur captains
  6 great orbs of eyes
  3 deep elf high priests
  A monstrous demonspawn (Zot:2)
  Fannar (D:12)
  5 ragged hierophants (Desolation)
  7 rakshasas
  The ghost of yrara the Basher, a journeyman DsFi of Gozag (Lair:1)
  A quicksilver dragon skeleton (Abyss:1)
  A hell beast (Depths:2)
  10 hydras
  6 peacekeepers (Desolation)
  44 vault guards
  17 ice dragons
  5 centaur warriors
  7 servants of whispers (Desolation)
  A death knight (Vaults:1)
  5 alligator snapping turtles
  3 spriggan air magi
  12 ogre magi
  7 merfolk aquamancers
  2 merfolk avatars (Shoals:3)
  An alligator (shapeshifter) (Vaults:5)
  25 dancing weapons
  A two-headed ogre (shapeshifter) (Vaults:5)
  13 deep troll earth magi
  A catoblepas (Lair:6)
  2 satyrs (Shoals:4)
  16 deep troll shamans
  5 tengu warriors
  44 two-headed ogres
  4 orc high priests
  3 thrashing horrors (Abyss:1)
  A spriggan berserker (Depths:3)
  A vampire mage (Depths:2)
  3 wretched stars (Abyss:1)
  27 deep elf knights
  3 spriggans (Depths:5)
  A fire crab (Lair:6)
  8 hell knights
  2 sun demons
  A fire crab (shapeshifter) (Vaults:3)
  2 shadow wraiths
  6 skeletal warriors
  13 sea snakes
  7 iron trolls
  2 sixfirhies
  3 flayed ghosts
  An unseen horror (D:13)
  A death drake (shapeshifter) (Depths:5)
  A shadow demon (D:15)
  A deep troll (shapeshifter) (Vaults:5)
  11 wizards
  6 starcursed masses (Abyss:1)
  6 glowing orange brains
  A quicksilver dragon simulacrum (Depths:1)
  49 deep trolls
  A sphinx zombie (Vaults:3)
  19 harpies
  22 ironbrand convokers
  A lindwurm (Lair:6)
  A harpy (shapeshifter) (Vaults:3)
  3 phantasmal warriors
  25 wolf spiders
  8 necromancers
  16 deep elf archers
  16 orc knights
  25 orb spiders
  18 ugly things
  6 orc sorcerers
  59 deep elf magi
  11 fauns
  A mana viper (Depths:1)
  A shining eye (Depths:3)
  An orb spider (shapeshifter) (Vaults:2)
  12 manticores
  2 worldbinders (Abyss:1)
  3 fire giant zombies
  38 moths of wrath
  14 cyclopes
  A salamander (Depths:4)
  A sphinx skeleton (Vaults:4)
  A fire giant skeleton (Vaults:2)
  Maurice (D:9)
  7 elephants
  6 large abominations
  6 black mambas
  10 merfolk sirens
  An eye of devastation (Depths:3)
  A guardian serpent (shapeshifter) (Depths:2)
  7 guardian serpents
  17 vault sentinels
  A torpor snail (shapeshifter) (Depths:5)
  A smoke demon (Depths:4)
  6 water nymphs
  Joseph (D:9)
  3 ice statues
  2 torpor snails
  3 orange demons
  A gargoyle (D:15)
  A spriggan skeleton (Depths:2)
  A yaktaur (shapeshifter) (Elf:2)
  17 spiny frogs
  11 freezing wraiths
  7 komodo dragons
  3 rime drakes (shapeshifter)
  An efreet (D:14)
  71 yaktaurs
  3 yaktaur zombies
  2 kobold demonologists (D:13)
  10 ice devils
  A tormentor (Depths:1)
  2 anaconda simulacra (IceCv)
  3 hellwings
  11 demonic crawlers
  2 tengu conjurers
  A golden dragon simulacrum (IceCv)
  39 merfolk
  A red devil (Depths:2)
  A troll (shapeshifter) (Vaults:1)
  A tengu simulacrum (Vaults:4)
  24 jumping spiders
  7 wind drakes
  An ancient zyme (Abyss:1)
  A queen bee (D:11)
  5 trolls
  6 polar bears (Lair:6)
  A wolf spider simulacrum (D:14)
  41 saltlings (Desolation)
  An ettin zombie (Depths:1)
  2 wind drakes (shapeshifter)
  16 hornets
  17 blink frogs
  7 raiju (Abyss:1)
  12 dream sheep
  23 slime creatures
  7 snapping turtles
  A hippogriff (shapeshifter) (Depths:2)
  A frost giant simulacrum (Vaults:1)
  3 centaur simulacra
  8 hippogriffs
  4 air elementals
  75 redbacks
  2 shadows
  A spriggan (shapeshifter) (Vaults:1)
  A vampire (D:14)
  28 tarantellas
  A tarantella (shapeshifter) (Vaults:3)
  2 redbacks (shapeshifter)
  A wyvern (shapeshifter) (Vaults:5)
  13 wyverns
  7 wraiths
  3 fire elementals
  4 hogs (D:10)
  A basilisk (shapeshifter) (Elf:2)
  49 yaks
  3 basilisks
  7 fire bats
  17 water elementals
  Eustachio (D:4)
  3 dire elephant simulacra (IceCv)
  A human (D:10)
  A golden eye (shapeshifter) (Vaults:5)
  A steam dragon (D:8)
  Grum (D:9)
  A yaktaur simulacrum (Depths:1)
  A neqoxec (Abyss:1)
  4 vampire mosquitoes (D:15)
  2 chaos spawn
  A swamp worm (shapeshifter) (Vaults:5)
  10 wargs
  A soldier ant (D:14)
  An acid dragon (D:15)
  3 harpy simulacra (IceCv)
  20 hell hounds
  4 iron troll simulacra (IceCv)
  2 floating eyes
  A spiny frog zombie (Abyss:1)
  5 hydra simulacra (IceCv)
  23 water moccasins
  9 ice beasts
  47 orc warriors
  4 porcupines
  A porcupine (shapeshifter) (Vaults:5)
  2 deep troll skeletons
  An ice beast (shapeshifter) (Abyss:1)
  2 sky beasts
  2 ettin simulacra
  12 black bears
  4 phantoms
  A human zombie (Vaults:2)
  20 ogres
  2 alligator simulacra (IceCv)
  22 wolves
  6 boggarts
  23 centaurs
  A human skeleton (Vaults:2)
  7 crocodiles
  An elf skeleton (Vaults:4)
  5 big kobolds
  17 bullfrogs
  4 earth elementals
  A glowing shapeshifter simulacrum (Vaults:3)
  7 scorpions
  2 wyvern skeletons
  20 killer bees
  7 wights
  A howler monkey (D:8)
  5 electric eels
  A draconian simulacrum (IceCv)
  3 jellies (shapeshifter)
  9 crimson imps
  A quasit (Depths:4)
  A bullfrog zombie (D:11)
  2 centaur zombies
  A bullfrog skeleton (D:6)
  3 iron imps
  5 jellies
  34 orc wizards
  30 orc priests
  3 centaur skeletons
  6 hounds
  Jessica (D:3)
  An iguana (D:9)
  3 troll simulacra (IceCv)
  11 worker ants
  A spriggan simulacrum (IceCv)
  7 small abominations (Abyss:1)
  2 hound zombies
  2 hound skeletons
  Robin (D:2)
  A howler monkey zombie (D:5)
  3 gnolls (D:7)
  4 ogre simulacra (IceCv)
  14 adders
  3 naga simulacra (IceCv)
  4 shadow imps
  6 white imps
  7 ufetubi (IceCv)
  5 oozes
  2 adder skeletons (D:4)
  A worm (D:2)
  3 dart slugs
  5 leopard geckos
  129 orcs
  An orc (shapeshifter) (Vaults:5)
  6 bats
  8 giant cockroaches
  21 goblins
  15 hobgoblins
  7 jackals
  3 quokkas
  5 frilled lizards
  A giant cockroach zombie (D:5)
  36 kobolds
  5 rats
  A fire vortex (Depths:4)
  4 plants
  A starspawn tentacle (Abyss:1)
2679 creatures vanquished.

Vanquished Creatures (collateral kills)
  2 polar bears (Lair:6)
  A water moccasin (Lair:6)
  A black bear (Lair:6)
  A wolf (Lair:6)
  A killer bee (D:8)
6 creatures vanquished.

Vanquished Creatures (others)
  A merfolk aquamancer (Shoals:4)
  A polar bear (Lair:6)
  A hornet (Lair:6)
  A hippogriff (Lair:2)
  A wolf (Lair:5)
  A centaur (Vaults:2)
  2 orc wizards (D:9)
  An orc (D:7)
  A bush (Lair:6)
  50 fungi
  60 plants
  5 starspawn tentacles (Abyss:1)
125 creatures vanquished.

Grand Total: 2810 creatures vanquished
